 Dungeon Crawl Stone Soup version 0.24-a0-464-g6b2be6b8c7 (webtiles) character file.

175 Horrz the Caller (level 5, -8/28 HPs)
             Began as a Tengu Summoner on Mar 1, 2018.
             Mangled by Purgy (9 damage)
             ... on level 3 of the Dungeon on July 4, 2019.
             The game lasted 00:21:35 (3320 turns).

Horrz the Caller (Tengu Summoner)                   Turns: 3320, Time: 00:21:36

Health: -8/28      AC:  2    Str:  8    XL:     5   Next: 55%
Magic:  4/11       EV: 12    Int: 17    God:
Gold:   128        SH:  0    Dex: 14    Spells: 4/11 levels left

rFire    . . .     SeeInvis .   s - +0 mace (crush)
rCold    . . .     Gourm    .   (no shield)
rNeg     . . .     Faith    .   a - +0 robe
rPois    .         Spirit   .   (helmet restricted)
rElec    .         Reflect  .   (no cloak)
rCorr    .         Harm     .   (no gloves)
MR       .....                  (boots unavailable)
Stlth    ++........             (no amulet)
HPRegen  0.09/turn              (no ring)
MPRegen  0.12/turn              (no ring)

@: no status effects
A: beak, talons 3, able to fly
a: Fly


You were on level 3 of the Dungeon.
You were not hungry.

You visited 1 branch of the dungeon, and saw 3 of its levels.

You collected 128 gold pieces.

Inventory:

Hand Weapons
 f - a +0 short sword
 s - a +0 mace of crushing (weapon)
Armour
 a - a +0 robe (worn)
Scrolls
 b - 3 scrolls of enchant weapon {unknown}
 d - 4 scrolls of blinking {unknown}
 e - 4 scrolls of remove curse {unknown}
 g - 4 scrolls of identify {unknown}
 l - a scroll of amnesia {unknown}
 m - 2 scrolls of teleportation {unknown}
 o - a scroll of immolation {unknown}
Potions
 h - a potion of flight
 i - 2 potions of curing
 j - 2 potions of degeneration {unknown}
 k - a potion of magic {unknown}
 n - a potion of haste {unknown}
 p - a potion of mutation {unknown}
 q - 2 potions of lignification {unknown}
 r - a potion of heal wounds {unknown}
Comestibles
 c - 4 rations


   Skills:
 + Level 0.0 Maces & Flails
 - Level 2.1 Dodging
 - Level 2.0 Stealth
 + Level 3.6 Spellcasting
 - Level 6.0 Summonings
 * Level 3.2 Air Magic


You had 4 spell levels left.
You knew the following spells:

 Your Spells              Type           Power        Failure   Level  Hunger
a - Summon Small Mammal   Summ           ###.         1%          1    None
b - Call Imp              Summ           ###.....     2%          2    ##.....
c - Summon Lightning Spi  Summ/Air       ###.....     24%         4    ####...

Your spell library contained the following spells:

 Spells                   Type           Power        Failure   Level  Hunger
 Call Canine Familiar     Summ           ###.....     4%          3    ###....
 Summon Guardian Golem    Hex/Summ       ##......     14%         3    ###....
 Summon Ice Beast         Ice/Summ       ##......     43%         4    ####...


Dungeon Overview and Level Annotations

Branches:
Dungeon (3/15)

Altars:

Annotations:
D:3 Purgy


Innate Abilities, Weirdness & Mutations

You have a beak for a mouth.
You have claws for feet.
You can fly continuously.


Message History

* * * LOW HITPOINT WARNING * * *
You closely miss Purgy.
Purgy is heavily wounded.
Your crimson imp hits Purgy.
The frilled lizard bites your crimson imp but does no damage.
Purgy bites you but does no damage. Purgy claws you but does no damage.
Purgy claws you.
* * * LOW HITPOINT WARNING * * *
Your crimson imp hits the frilled lizard.
The frilled lizard dies!
Your crimson imp blinks!
You hit Purgy. You claw Purgy.
Purgy is severely wounded.
Purgy barely misses you. x2; Purgy claws you but does no damage.
You closely miss Purgy. You peck Purgy, but do no damage.
Purgy is severely wounded.
Purgy barely misses you. Purgy claws you.
* * * LOW HITPOINT WARNING * * *
Purgy claws you but does no damage. Purgy bites you!
You die...

# #.#######
#.......#
######.#########
.........55.5T@.#
##########
..........#####.#
#........#
..........# #.#
#.######.#
####......# #.#
#.######.# #......#
#.# #.##......
........#####'####
#..'......
#.....5...........#
####......
#.................##
#......
..................#
#......


You could see Purgy and 3 friendly crimson imps.

Vanquished Creatures
  An adder (D:2)
  A dart slug (D:3)
  An orc (D:3)
  A giant cockroach (D:3)
  2 goblins
  A hobgoblin (D:3)
  3 bats
  A frilled lizard (D:3)
  3 kobolds
  6 rats
20 creatures vanquished.

Vanquished Creatures (collateral kills)
  Jessica (D:2)
  Natasha (thrice) (D:2)
  2 orc wizards (D:3)
  2 adders
  An ooze (D:2)
  A worm (D:2)
  2 dart slugs
  A leopard gecko (D:1)
  3 orcs (D:3)
  2 ball pythons
  2 giant cockroaches
  3 goblins
  6 hobgoblins
  2 jackals (D:2)
  8 kobolds
  6 bats
  4 frilled lizards
  11 rats
60 creatures vanquished.

Grand Total: 80 creatures vanquished

Notes
Turn   | Place    | Note
-------+----------+-------------------------------------------
     0 | D:1      | Horrz the Tengu Summoner began the quest for the Orb.
     0 | D:1      | Reached XP level 1. HP: 10/10 MP: 4/4
   387 | D:1      | Reached skill level 5 in Summonings
   552 | D:1      | Reached XP level 2. HP: 15/15 MP: 0/6
   553 | D:1      | Upgraded the game from 0.22-a0-252-gcace5d2d35 to
                  | 0.22-a0-292-g0df9d5f48d
   633 | D:1      | Learned a level 2 spell: Call Imp
  1322 | D:2      | Reached XP level 3. HP: 19/19 MP: 7/7
  1457 | D:2      | Upgraded the game from 0.22-a0-292-g0df9d5f48d to
                  | 0.22-a0-348-gd16d1391c7
  1790 | D:2      | Noticed Jessica
  1800 | D:2      | Killed Jessica
  1800 | D:2      | Reached XP level 4. HP: 21/24 MP: 0/9
  1808 | D:2      | Learned a level 4 spell: Summon Lightning Spire
  1966 | D:2      | Noticed Natasha
  1974 | D:2      | Killed Natasha
  1974 | D:2      | Reached skill level 6 in Summonings
  2160 | D:2      | Reached skill level 1 in Air Magic
  2418 | D:2      | Noticed Natasha
  2482 | D:2      | Killed Natasha
  2673 | D:2      | Noticed Natasha
  2688 | D:2      | Killed Natasha
  2688 | D:2      | Gained mutation: You can fly continuously. [Tengu growth]
  2688 | D:2      | Reached XP level 5. HP: 28/28 MP: 1/11
  2689 | D:2      | Upgraded the game from 0.22-a0-514-g96ba041d05 to
                  | 0.24-a0-415-g6d73c25c48
  2689 | D:2      | Upgraded the game from 0.24-a0-415-g6d73c25c48 to
                  | 0.24-a0-423-g6870c0f642
  2690 | D:2      | Upgraded the game from 0.24-a0-423-g6870c0f642 to
                  | 0.24-a0-439-g6dd8730de2
  2904 | D:3      | Upgraded the game from 0.24-a0-439-g6dd8730de2 to
                  | 0.24-a0-464-g6b2be6b8c7
  3299 | D:3      | Noticed Purgy
  3320 | D:3      | HP: 1/28 [Purgy (2)]
  3320 | D:3      | Mangled by Purgy

Levels and vault maps discovered:
D:1:      shiori_arrival_maze, fountainhead
D:2:      uniq_natasha, uniq_jessica
D:3:      minmay_fountain_box, uniq_purgy

Skill      XL: |  1  2  3  4  5 |
---------------+----------------+-----
Summonings     | 5 6 |  6.0
Spellcasting   | 3 |  3.6
Air Magic      | 2 3 |  3.2
Dodging        | |  2.1
Stealth        | |  2.0

Action                   |  1- 3 |  4- 6 || total
-------------------------+-------+-------++-------
Melee: Club              |     3 |       ||     3
       Kick              |     8 |     8 ||    16
       Unarmed           |     1 |       ||     1
       Short sword       |    21 |    33 ||    54
       Peck              |     2 |     4 ||     6
       Mace              |       |    12 ||    12
 Cast: Summon Small Mamm |    33 |     3 ||    36
       Call Imp          |    28 |    39 ||    67
  Use: Potion            |       |     2 ||     2
  Eat: Chunk             |     5 |     4 ||     9
       Ration            |       |     1 ||     1
Armor: Robe              |     9 |    15 ||    24
Dodge: Dodged            |    34 |    33 ||    67

Table legend:
 A = Non-vault XP
 B = Vault XP
 C = Vault XP percentage of total XP
 D = Non-vault monster count
 E = Vault monster count
 F = Vault count percentage of total count
                 A         B        C        D         E       F
            +---------+---------+-------+---------+---------+-------
      Total |     250 |       0 |   0.0 |      80 |       0 |   0.0
            +---------+---------+-------+---------+---------+-------
        D:1 |      30 |       0 |   0.0 |      26 |       0 |   0.0
        D:2 |     134 |       0 |   0.0 |      31 |       0 |   0.0
        D:3 |      86 |       0 |   0.0 |      23 |       0 |   0.0
            +---------+---------+-------+---------+---------+-------
